Map: Ulrena

Players

Chùchù

  • Race: Terran Terran

lesha - Winner!

  • Race: Terran Terran
  • League: Silver

VOD

Have the link to the VOD?

Description

Time

  • Played on: Dec. 15, 2015, 8:19 a.m.
  • Length: 8:00
Show
View Real Time Build Order
Export as new Build Order

Chùchù Terran 

Build Orders: Command Center First (CC) 

Get SALT Encoding   

  12  0:01  SCV  
  13  0:13  SCV  
  14  0:17  Supply Depot  
  14  0:25  SCV  
  15  0:39  SCV  
  16  0:51  SCV  
  17  1:02  Command Center  
  17  1:13  Barracks  
  17  1:18  Refinery  
  17  1:29  SCV, Supply Depot  
  18  1:42  SCV  
  19  1:59  Orbital Command  
  19  2:00  Marine  
  20  2:11  Barracks  
  20  2:14  SCV  
  21  2:18  Marine  
  22  2:26  SCV  
  23  2:34  Factory  
  23  2:36  Marine  
  24  2:43  Orbital Command  
  24  2:48  Refinery  
  24  3:01  Barracks  
  24  3:03  SCV  
  25  3:06  Marine x2  
  27  3:17  SCV  
  27  3:18  SCV  
  27  3:30  Marine x2  
  24  3:43  SCV x2  
  24  3:48  Marine x2  
  26  3:52  Factory Reactor  
  26  3:53  Barracks Tech Lab  
  26  3:54  Starport  
  28  4:01  SCV  
  29  4:05  SCV  
  29  4:06  Marine x2  
  32  4:18  SCV, Engineering Bay  
  32  4:24  Barracks Reactor, Marine  
  34  4:38  Barracks  
  34  4:41  Marine  
  34  4:43  SCV x2  
  37  4:51  Medivac  
  37  4:52  Medivac  
  41  4:59  Supply Depot, Marine  
  42  5:07  SCV  
  42  5:08  SCV  
  42  5:10  Terran Infantry Weapons Level 1  
  42  5:11  Stimpack  
  44  5:17  Marine  
  44  5:18  Barracks  
  44  5:20  Marine  
  44  5:21  Marine  
  47  5:22  SCV  
  46  5:28  Supply Depot  
  46  5:35  Reaper  
  29  6:04  SCV x2  
  31  6:07  Reaper  
  30  6:11  Marine x3  
  30  6:13  Medivac x2  
  30  6:16  SCV x2  
  39  6:26  Supply Depot  
  39  6:29  Marine  
  40  6:33  Missile Turret  
  40  6:38  Marine  
  40  6:39  Marine x2  
  43  6:47  Marine  
  43  6:51  Barracks Tech Lab  
  43  6:53  Factory Tech Lab  
  44  6:55  Missile Turret  
  44  6:56  Marine x2  
  44  6:58  Marine x2  
  44  7:00  SCV x2  
  50  7:04  Marine  
  51  7:12  SCV x2  
  53  7:18  Marine x2  
  53  7:19  Marauder, Marine x2  
  58  7:32  Marine  
  58  7:36  Marine  
  60  7:37  Marauder  
  60  7:38  Marine x2  
Show
View Real Time Build Order
Export as new Build Order

lesha Terran - Winner!

Build Orders: Liberator Opening 

Get SALT Encoding   

  12  0:01  SCV  
  13  0:13  SCV  
  14  0:18  Supply Depot  
  14  0:25  SCV  
  15  0:40  SCV  
  16  0:53  SCV  
  17  0:58  Barracks  
  17  1:09  SCV  
  18  1:18  Command Center  
  18  1:21  SCV  
  19  1:27  Refinery  
  19  1:33  Refinery  
  19  1:38  SCV  
  20  1:48  Marine  
  21  1:58  Orbital Command  
  21  2:07  Marine  
  22  2:18  Factory  
  22  2:25  Marine  
  22  2:29  SCV  
  24  2:39  Orbital Command  
  24  2:42  SCV  
  24  2:43  Supply Depot  
  25  2:47  Marine  
  26  2:57  SCV  
  27  3:05  Marine  
  28  3:06  Starport  
  28  3:09  SCV  
  28  3:12  SCV  
  30  3:21  SCV  
  30  3:24  SCV  
  31  3:34  SCV  
  31  3:36  SCV  
  31  3:40  Liberator  
  31  3:46  SCV  
  31  3:48  SCV, Marine  
  33  3:52  Hellion  
  39  4:05  Barracks  
  39  4:11  Barracks  
  39  4:14  Marine  
  39  4:16  Supply Depot  
  40  4:20  SCV  
  40  4:21  SCV, Supply Depot  
  40  4:23  Supply Depot  
  42  4:33  SCV x2  
  42  4:36  Factory Reactor  
  44  4:40  Barracks Reactor  
  44  4:56  Engineering Bay  
  44  4:58  Engineering Bay  
  44  5:03  SCV x2  
  46  5:07  Supply Depot  
  46  5:14  Barracks Reactor  
  46  5:15  SCV x2, Barracks Tech Lab  
  48  5:27  Command Center, SCV x2  
  47  5:54  Marine x3  
  47  5:55  Marauder  
  50  5:57  Hellion  
  51  6:09  Marine  
  49  6:12  Marine x3  
  49  6:15  Medivac  
  49  6:16  Marine  
  55  6:24  Supply Depot  
  55  6:25  Supply Depot  
  55  6:26  Supply Depot  
  55  6:28  Supply Depot  
  55  6:29  SCV x2  
  57  6:35  Marauder  
  57  6:38  Refinery  
  57  6:39  Refinery  
  59  6:41  SCV x2  
  61  6:47  Supply Depot  
  61  6:51  Orbital Command  
  61  6:53  SCV x2  
  63  6:59  Barracks  
  63  7:00  Barracks  
  63  7:01  Barracks  
  63  7:02  Barracks  
  63  7:06  Marine x4  
  63  7:07  Marauder  
  69  7:10  Starport Reactor  
  69  7:23  SCV  
  69  7:24  SCV x2, Marine x2  
  69  7:29  Marauder  
  76  7:35  SCV  
  76  7:36  SCV x2  
  79  7:48  SCV  
  79  7:50  Missile Turret  
  82  7:53  Missile Turret  
  79  7:58  Missile Turret  
Tags
 
Add a new tag
Caveats
  • Supply blocks, unpowered buildings, or Contaminate may cause inaccurate times.
  • Supply counts are checked every 10 seconds.